 Dungeon Crawl Stone Soup version 0.22-a0-368-g870eee8 (webtiles) character file.

392 smeego the Slasher (level 6, -1/43 HPs)
             Began as an Octopode Fighter on Apr 23, 2018.
             Slain by Edmund
             ... wielding a +3 flail of holy wrath
              (8 damage)
             ... on level 4 of the Dungeon.
             The game lasted 00:04:19 (2448 turns).

smeego the Slasher (Octopode Fighter)               Turns: 2448, Time: 00:04:19

Health: -1/43      AC:  1    Str: 15    XL:     6   Next: 80%
Magic:  6/6        EV: 12    Int: 13    God:
Gold:   72         SH:  9    Dex: 11    Spells: 5/5 levels left

rFire    . . .     SeeInvis .   a - +0 long sword
rCold    . . .     Gourm    .   b - +0 shield
rNeg     . . .     Faith    .   (helmet restricted)
rPois    .         Spirit   .   (no amulet)
rElec    .         Reflect  .   (no ring)
rCorr    .         Harm     .   (no ring)
MR       .....                  (no ring)
Stlth    +++.......             (no ring)
HPRegen  0.14/turn              (no ring)
MPRegen  0.10/turn              (no ring)
                                (no ring)
                                (no ring)

@: no status effects
A: almost no armour, stealthy swim, amphibious, 8 rings, constrict 8, camouflage
1, gelatinous body 1
a: no special abilities


You were on level 4 of the Dungeon.
You were not hungry.

You visited 1 branch of the dungeon, and saw 4 of its levels.

You collected 72 gold pieces.

Inventory:

Hand Weapons
 a - a +0 long sword (weapon)
 f - a +0 short sword of freezing
Missiles
 e - 11 javelins (quivered)
 m - 47 stones
 p - 11 tomahawks
Armour
 b - a +0 shield (worn)
Scrolls
 g - 3 scrolls of remove curse {unknown}
 h - 2 scrolls of random uselessness {unknown}
 i - 3 scrolls of teleportation {unknown}
 j - 4 scrolls of identify {unknown}
 l - a scroll of immolation {unknown}
 n - a scroll of enchant armour {unknown}
 q - a scroll of fear {unknown}
 r - a scroll of fog {unknown}
 s - a scroll of enchant weapon {unknown}
Potions
 k - a potion of berserk rage {unknown}
 o - a potion of resistance {unknown}
Comestibles
 c - 5 chunks of flesh
 d - 9 rations


   Skills:
 + Level 3.8 Fighting
 * Level 4.2 Long Blades
 + Level 3.8 Dodging
 + Level 3.2 Stealth
 + Level 3.8 Shields
 + Level 2.2 Unarmed Combat


You had 5 spell levels left.
You didn't know any spells.

Dungeon Overview and Level Annotations

Branches:
Dungeon (4/15)
 Temple: D:4-7

Altars:

Annotations:
D:4 Edmund


Innate Abilities, Weirdness & Mutations

You cannot wear most types of armour.
You are very stealthy in the water. (Stealth+)
You are amphibious.
You can wear up to eight rings at the same time.
You can use your tentacles to constrict eight enemies at once.
Your skin changes colour to match your surroundings (Stealth+).
Your rubbery body absorbs attacks. (AC +1, EV +1)


Message History

Edmund hits you with a flail of holy wrath!
You hit Edmund. You squeeze Edmund.
Edmund is moderately wounded.
You constrict Edmund.
Edmund hits you with a flail of holy wrath!
* * * LOW HITPOINT WARNING * * *
You hit Edmund but do no damage.
Edmund is moderately wounded.
You constrict Edmund. Edmund closely misses you.
You hit Edmund but do no damage. You squeeze Edmund, but do no damage.
Edmund is moderately wounded.
You constrict Edmund.
Edmund hits you with a flail of holy wrath.
* * * LOW HITPOINT WARNING * * *
Unknown command.
You hit Edmund.
Edmund is heavily wounded.
You constrict Edmund, but do no damage.
Edmund hits you with a flail of holy wrath!
You die...

....#......................
#..#....##.......##.#......
#...)####...#..##.##.....
#...####(..###..#.. .....
###.###...## ###.### ...
#.#......# ### .
###......#####.# ...
#..#........#.#.....
###.........@@......
###..............<..
###...................
#.).).....######.....#
#.)######## ###### #..#
#..# #.<# #..#


You could see Edmund.

Vanquished Creatures
  A phantom (D:4)
  An ogre (D:4)
  A scorpion (D:4)
  3 orc wizards
  4 adders
  A worm (D:2)
  A dart slug (D:1)
  2 leopard geckos
  3 orcs
  3 giant cockroaches
  5 goblins
  8 hobgoblins
  6 kobolds
  5 bats
  2 frilled lizards
  9 rats
55 creatures vanquished.

Vanquished Creatures (others)
  2 plants (D:1)
2 creatures vanquished.

Grand Total: 57 creatures vanquished

Notes
Turn   | Place    | Note
-------+----------+-------------------------------------------
     0 | D:1      | smeego the Octopode Fighter began the quest for the Orb.
     0 | D:1      | Reached XP level 1. HP: 16/16 MP: 1/1
   418 | D:1      | Reached XP level 2. HP: 21/21 MP: 2/2
   481 | D:1      | Reached skill level 1 in Stealth
   671 | D:1      | Reached XP level 3. HP: 20/26 MP: 3/3
  1460 | D:3      | Reached skill level 1 in Unarmed Combat
  1494 | D:3      | Reached skill level 3 in Long Blades
  1494 | D:3      | Reached XP level 4. HP: 29/31 MP: 4/4
  2031 | D:3      | Reached XP level 5. HP: 30/36 MP: 5/5
  2267 | D:4      | Noticed an ogre
  2285 | D:4      | Killed an ogre
  2285 | D:4      | Reached XP level 6. HP: 31/43 MP: 6/6
  2317 | D:4      | Reached skill level 4 in Long Blades
  2327 | D:4      | Noticed a phantom
  2347 | D:4      | Noticed Edmund
  2407 | D:4      | Killed a phantom
  2448 | D:4      | Slain by Edmund

Vault maps used:
D:1:      tarquinn_simple_flora_water_c, serial_park_tiny_1, serial_bayou_lake_a
D:4:      first_ration, uniq_edmund

Skill      XL: |  1  2  3  4  5  6 |
---------------+-------------------+-----
Stealth        | 1 2 3 |  3.2
Unarmed Combat | 1 2 |  2.2
Long Blades    | 3 4 |  4.2
Fighting       | |  3.8
Dodging        | |  3.8
Shields        | |  3.8

Action                   |  1- 3 |  4- 6 || total
-------------------------+-------+-------++-------
Melee: Long sword        |    77 |    51 ||   128
       Constrict         |    24 |    11 ||    35
       Tentacles         |    10 |    13 ||    23
       Punch             |       |     2 ||     2
  Use: Potion            |       |     1 ||     1
 Stab: Sleeping          |    10 |     4 ||    14
  Eat: Chunk             |     1 |     4 ||     5
Armor: Skin              |     8 |     2 ||    10
Dodge: Dodged            |    21 |    23 ||    44
Block: Shield            |    26 |    23 ||    49
       Rpst.: Long sword |     6 |     9 ||    15

Table legend:
 A = Spawn XP
 B = Non-spawn XP
 C = Spawn XP percentage of total XP
 D = Spawn monster count
 E = Non-spawn monster count
 F = Spawn count percentage of total count
 G = Total turns spent on level
                    A         B        C        D         E        F      G
               +---------+---------+-------+---------+---------+-------+---------
         Total |       0 |     560 |   0.0 |       0 |      55 |   0.0 |  2448
               +---------+---------+-------+---------+---------+-------+---------
           D:1 |       0 |      39 |   0.0 |       0 |      23 |   0.0 |  1015
           D:2 |       0 |      30 |   0.0 |       0 |       9 |   0.0 |   405
           D:3 |       0 |     102 |   0.0 |       0 |      15 |   0.0 |   847
           D:4 |       0 |     389 |   0.0 |       0 |       8 |   0.0 |   181
               +---------+---------+-------+---------+---------+-------+---------
